 Dungeon Crawl Stone Soup version 0.30-a0-297-g0ec75d9ef4 (webtiles) character file.

Game seed: 4931178557516356952

19357 garrulousMonolith the Carver (level 12, -2/97 HPs)
             Began as a Gnoll Reaver on Oct 20, 2022.
             Was a Follower of Ashenzari.
             Engulfed by an ice statue's freezing vapour (11 damage)
             ... on level 11 of the Dungeon.
             The game lasted 00:31:29 (13950 turns).

garrulousMonolith the Carver (Gnoll Reaver)        Turns: 13950, Time: 00:31:29

Health: -2/97      AC: 13    Str: 12    XL:     12   Next: 68%
Magic:  26/26      EV: 15    Int: 16    God:    Ashenzari [*.....]
Gold:   543        SH:  0    Dex: 12    Spells: 6/31 levels left

rFire   . . .      SeeInvis .    e - +0 demon trident (venom)
rCold   + . .      Faith    .    B - orb "Share My Incredulity" {light, Melee, Bglg} (curse)
rNeg    . . .      Spirit   .    G - +3 leather armour {rC+}
rPois   .          Reflect  .    k - +2 helmet
rElec   .          Harm     .    (no cloak)
rCorr   .          Rampage  .    r - +2 pair of gloves of the Fated Suspicion {Self, Evo} (curse)
Will    .....                    (no boots)
Stlth   ++........               (no amulet)
HPRegen 0.36/turn                t - +4 ring of slaying
MPRegen 0.20/turn                s - ring of wizardry

@: glowing
A: fangs 1, strong nose, distributed training
a: Renounce Religion, Curse Item, Shatter the Chains


You were on level 11 of the Dungeon.
You worshipped Ashenzari.
Ashenzari was aware of your devotion.
You visited 2 branches of the dungeon, and saw 12 of its levels.
You also visited: Bailey.

You collected 847 gold pieces.
You spent 304 gold pieces at shops.

Inventory:

Hand Weapons
 a - a +0 falchion
 e - a +0 demon trident of venom (weapon)
 j - a +0 sling
Missiles
 b - 2 throwing nets
 o - 4 boomerangs of dispersal
 C - 29 poisoned darts (quivered)
 M - 5 curare-tipped darts
Armour
 c - a +2 crystal plate armour
 d - a +2 tower shield of resistance
 g - +3 steam dragon scales
 k - a +2 helmet (worn)
 r - the cursed +2 pair of gloves of the Fated Suspicion (worn) {Self, Evo}
   (You found it on level 4 of the Dungeon)

   It has a curse which improves the following skills: Introspection: Fighting
   and Spellcasting.
   Evocations: Evocations.
 x - a scarf of harm
 B - the cursed orb "Share My Incredulity" (worn) {light, Melee, Bglg}
   (You found it on level 5 of the Dungeon)

   It has a curse which improves the following skills: Melee Combat: Short
   Blades, Long Blades, Axes, Maces & Flails, Polearms, Staves and Unarmed
   Combat.
   Beguiling: Conjurations, Hexes and Translocations.
 G - a +3 leather armour of cold resistance (worn)
Magical Staves
 y - a staff of death
Jewellery
 l - a +4 ring of evasion
 p - a ring of positive energy
 s - a ring of wizardry (right hand)
 t - a +4 ring of slaying (left hand)
 z - a +4 ring of protection
 D - a ring of see invisible
 L - a ring of flight
Wands
 q - a wand of flame (11)
 w - a wand of charming (8)
Scrolls
 f - 3 scrolls of amnesia
 n - 5 scrolls of teleportation
 v - 3 scrolls of vulnerability
 H - 3 scrolls of enchant armour
 I - 2 scrolls of fear
 J - 2 scrolls of magic mapping
 K - 2 scrolls of identify
Potions
 h - 5 potions of attraction
 i - a potion of mutation
 m - a potion of flight
 u - a potion of cancellation
 A - a potion of curing
 F - a potion of might


   Skills:
 + Level 9.1(10.0) Fighting
 + Level 7.8(8.7) Short Blades
 + Level 10.2(11.1) Long Blades
 + Level 7.8(8.7) Axes
 + Level 7.8(8.7) Maces & Flails
 + Level 7.8(8.7) Polearms
 + Level 7.8(8.7) Staves
 + Level 7.8 Ranged Weapons
 + Level 7.8 Throwing
 + Level 7.8 Armour
 + Level 9.1 Dodging
 + Level 7.8 Stealth
 + Level 7.8 Shields
 + Level 7.8(8.7) Unarmed Combat
 + Level 9.3(10.2) Spellcasting
 + Level 8.6(9.4) Conjurations
 + Level 6.5(7.3) Hexes
 + Level 6.5 Summonings
 + Level 6.5 Necromancy
 + Level 6.5(7.3) Translocations
 + Level 6.5 Transmutations
 + Level 6.5 Fire Magic
 + Level 6.5 Ice Magic
 + Level 6.5 Air Magic
 + Level 6.5 Earth Magic
 + Level 6.5 Poison Magic
 + Level 8.5 Invocations
 + Level 7.8(8.7) Evocations


You had 6 spell levels left.
You knew the following spells:

 Your Spells              Type           Power      Damage    Failure   Level
a - Kiss of Death         Conj/Necr      100%       2d13      1%          1
b - Momentum Strike       Conj/Tloc      70%        3d9       1%          2
c - Hailstorm             Conj/Ice       33%        3d8       1%          3
d - Kindle Blastsparks    Fire/Tloc/Air  58%        2d14      1%          3
e - Confusing Touch       Hex            31%        N/A       1%          3
f - Portal Projectile     Hex/Tloc       62%        N/A       1%          3
g - Summon Mana Viper     Hex/Summ       30%        N/A       8%          5
h - Freezing Cloud        Conj/Ice/Air   16%        6-21      6%          5

Your spell library contained the following spells:

 Spells                   Type           Power      Damage    Failure   Level
 Sublimation of Blood     Necr           28%        N/A       1%          2
 Wereblood                Tmut           28%        N/A       1%          2
 Ignite Poison            Fire/Tmut/Pois 28%        N/A       1%          3
 Tukima's Dance           Hex            31%        N/A       1%          3
 Dispel Undead            Necr           28%        3d13      3%          4
 Olgreb's Toxic Radiance  Pois           28%        N/A       3%          4
 Summon Forest            Summ/Tloc      15%        N/A       8%          5
 Blade Hands              Tmut           14%        N/A       9%          5
 Summon Cactus Giant      Summ           14%        N/A       41%         6
 Ozocubu's Refrigeration  Ice            14%        4d10      92%         7
 Summon Hydra             Summ           14%        N/A       92%         7
 Ignition                 Fire           14%        3d6       100%        8


Dungeon Overview and Level Annotations

Branches:
Dungeon (11/15)            Temple (1/1) D:5            Lair (0/5) D:10
    Orc (0/2) D:9          Bailey (visited)

Altars:
Ashenzari
Cheibriados
Dithmenos
Elyvilon
Fedhas
Gozag
Hepliaklqana
Kikubaaqudgha
Makhleb
Nemelex Xobeh
Okawaru
Qazlal
Ru
Sif Muna
Trog
Uskayaw
Vehumet
Wu Jian
Xom
Yredelemnul
Zin
The Shining One

Shops:
D:2 [   D:5 *   D:11 [[?

Annotations:
D:11 exclusion: ice statue


Innate Abilities, Weirdness & Mutations

You have very sharp teeth.
Your uncanny sense of smell can sniff out nearby items.
Your experience applies equally to all skills.


Message History

The bolt of cold hits you! You resist. The ice beast misses you.
You puncture the ice statue!
The ice statue is heavily damaged.
You hit the ice statue but do no damage.
The ice statue is heavily damaged.
The ice beast hits you but does no damage.
You puncture the ice statue!
The ice statue is heavily damaged.
The ice beast barely misses you.
You hit the ice statue.
The ice statue is heavily damaged.
The ice beast misses you.
The ice statue gestures.
You hit the ice statue.
The ice statue is heavily damaged.
The ice beast closely misses you.
You hit the ice statue but do no damage.
The ice statue is heavily damaged.
The ice statue gestures at you. The bolt of cold hits you. You resist.
The ice beast hits you. The ice beast freezes you. You resist.
You hit the ice statue.
You bite the ice statue, but do no damage.
The ice statue is severely damaged.
The ice beast hits you. The ice beast freezes you. You resist.
The ice statue gestures at you. The freezing blast engulfs you! You resist.
* * * LOW HITPOINT WARNING * * *
The ice beast misses you.
You hit the ice statue.
The ice statue is severely damaged.
You are engulfed in freezing vapours.
You resist.
* * * LOW HITPOINT WARNING * * *
The ice beast hits you but does no damage.
The ice statue gestures at you. The bolt of cold hits you! You resist.
* * * LOW HITPOINT WARNING * * *
Okay, then.
You feel better.
You are engulfed in freezing vapours.
You resist.
You die...

#.##................>..<.)#
#.##.##.#..#...#......#####
######.##......###.....)...#
...##.....##..≈≈≈≈≈..##....# ####
##.##...#.###≈≈~~~≈≈###....# #...
##)##...#..##~~...~~##..#..###.##
##.#.......≈~~...○.((≈..#........
##..#.....≈≈~.##§##((≈≈..#.###.#.
##..#....#≈~..#Y@☼#(.~≈#..<# #...
#......##≈~..☼○8Y☼..~≈##..# ###.
###.....#≈~..#$/$#(.~≈#...# #.
##.....≈≈~.##.##(~≈≈..#.# ##
#......≈~~..(.((~≈..##.# ##
##...#..##~~...~~##.....# #.
#......###≈≈~~~≈≈###.#### #)
##...#.##..≈≈≈≈≈..##.# #.
##.........###......# #)


You could see an ice statue and 2 ice beasts.

Vanquished Creatures
  4 two-headed ogres
  Nergalle (D:11)
  Sonja (D:11)
  Pikel (D:8)
  Maggie (D:7)
  A kobold demonologist (D:10)
  4 ice devils (D:11)
  Grinder (D:3)
  A hornet (D:8)
  2 shadows (D:11)
  Sigmund (D:2)
  28 yaks
  A wraith (D:11)
  A wyvern (D:8)
  2 steam dragons
  4 vampire mosquitoes (D:11)
  Grum (D:8)
  Menkaure (D:7)
  3 acid dragons
  3 water moccasins
  Duvessa (D:5)
  14 orc warriors
  4 ice beasts
  A sky beast (D:7)
  2 ogres
  8 centaurs
  3 wolves (D:8)
  A lemure (D:8)
  A phantom (D:4)
  Blork the orc (D:4)
  5 kobold brigands
  3 bullfrogs
  5 scorpions
  A necrophage (D:6)
  Dowan (D:5)
  8 killer bees
  6 electric eels (D:10)
  3 howler monkeys (D:10)
  A crimson imp (D:6)
  3 hounds
  2 jellies
  7 orc priests
  3 iguanas
  11 orc wizards
  A gnoll (D:1)
  8 adders
  A white imp (D:5)
  9 ufetubi
  2 worms
  69 orcs
  12 ball pythons
  4 endoplasms
  2 giant cockroaches
  6 goblins
  5 hobgoblins
  2 jackals (D:1)
  7 quokkas
  3 bats
  5 frilled lizards
  21 kobolds
  6 rats
320 creatures vanquished.

Vanquished Creatures (collateral kills)
  Erolcha (D:11)
  A death knight (D:10)
  A manticore (D:11)
3 creatures vanquished.

Vanquished Creatures (others)
  An orc (D:10)
1 creature vanquished.

Grand Total: 324 creatures vanquished

Notes
Turn   | Place    | Note
-------+----------+-------------------------------------------
     0 | D:1      | garrulousMonolith the Gnoll Reaver began the quest for the
                  | Orb.
     0 | D:1      | Reached XP level 1. HP: 20/20 MP: 6/6
   121 | D:1      | Reached XP level 2. HP: 24/26 MP: 7/7
   335 | D:1      | Reached skill level 5 in Spellcasting
   335 | D:1      | Reached XP level 3. HP: 31/31 MP: 7/9
   357 | D:1      | Learned a level 2 spell: Momentum Strike
   606 | D:1      | Reached skill level 1 in Invocations
   962 | D:2      | Reached skill level 1 in Short Blades
   962 | D:2      | Reached skill level 1 in Axes
   962 | D:2      | Reached skill level 1 in Maces & Flails
   962 | D:2      | Reached skill level 1 in Polearms
   962 | D:2      | Reached skill level 1 in Staves
   962 | D:2      | Reached skill level 1 in Ranged Weapons
   962 | D:2      | Reached skill level 1 in Throwing
   962 | D:2      | Reached skill level 1 in Armour
   962 | D:2      | Reached skill level 1 in Stealth
   962 | D:2      | Reached skill level 1 in Shields
   962 | D:2      | Reached skill level 1 in Unarmed Combat
   962 | D:2      | Reached skill level 1 in Evocations
   972 | D:2      | Reached XP level 4. HP: 15/34 MP: 9/11
  1288 | D:2      | Found Bixiucig's Armour Shop.
  1289 | D:2      | Noticed Sigmund
  1296 | D:2      | Killed Sigmund
  1297 | D:2      | Reached skill level 1 in Hexes
  1297 | D:2      | Reached skill level 1 in Summonings
  1297 | D:2      | Reached skill level 1 in Necromancy
  1297 | D:2      | Reached skill level 1 in Translocations
  1297 | D:2      | Reached skill level 1 in Transmutations
  1297 | D:2      | Reached skill level 1 in Fire Magic
  1297 | D:2      | Reached skill level 1 in Ice Magic
  1297 | D:2      | Reached skill level 1 in Air Magic
  1297 | D:2      | Reached skill level 1 in Earth Magic
  1297 | D:2      | Reached skill level 1 in Poison Magic
  1297 | D:2      | Reached XP level 5. HP: 43/43 MP: 12/12
  1297 | D:2      | Reached XP level 6. HP: 50/50 MP: 13/13
  1334 | D:2      | Learned a level 3 spell: Hailstorm
  1590 | D:2      | Found a faded altar of an unknown god.
  1792 | D:3      | Noticed Grinder
  1818 | D:3      | Killed Grinder
  1819 | D:3      | Reached skill level 5 in Fighting
  1819 | D:3      | Reached skill level 5 in Dodging
  2123 | D:4      | Reached XP level 7. HP: 51/56 MP: 13/15
  2128 | D:4      | Reached skill level 7 in Long Blades
  2690 | D:4      | Noticed Blork the orc
  2694 | D:4      | Killed Blork the orc
  2898 | D:4      | Learned a level 3 spell: Kindle Blastsparks
  3078 | D:5      | Entered Level 5 of the Dungeon
  3087 | D:5      | Reached XP level 8. HP: 42/63 MP: 12/16
  3250 | D:5      | Noticed Dowan
  3254 | D:5      | Noticed Duvessa
  3820 | D:5      | Killed Duvessa
  3822 | D:5      | Killed Dowan
  4069 | D:5      | Found a staircase to the Ecumenical Temple.
  4109 | Temple   | Entered the Ecumenical Temple
  4332 | D:5      | Found Eweot's General Store.
  4337 | D:5      | Bought a scroll of teleportation for 30 gold pieces
  4355 | D:5      | Found a broken altar of Ashenzari.
  4357 | D:5      | Found an ancient bone altar of Kikubaaqudgha.
  4363 | D:5      | Became a worshipper of Ashenzari the Shackled
  4674 | D:6      | Found a blossoming altar of Fedhas.
  5014 | D:6      | Reached XP level 9. HP: 51/69 MP: 18/18
  5095 | D:6      | Found a shimmering altar of Xom.
  5095 | D:6      | Found a burning altar of Makhleb.
  5509 | D:7      | Learned a level 3 spell: Confusing Touch
  5668 | D:7      | Learned a level 3 spell: Portal Projectile
  5812 | D:7      | Noticed Menkaure
  5817 | D:7      | Killed Menkaure
  5824 | D:7      | Reached skill level 8 in Long Blades
  6004 | D:7      | Reached skill level 5 in Invocations
  6188 | D:7      | Noticed Maggie
  6200 | D:7      | Killed Maggie
  6381 | D:8      | Noticed a two-headed ogre
  6395 | D:7      | HP: 1/71 [two-headed ogre/+0 giant spiked club (5)]
  6398 | D:7      | Killed a two-headed ogre
  6399 | D:7      | Reached skill level 5 in Short Blades
  6399 | D:7      | Reached skill level 5 in Axes
  6399 | D:7      | Reached skill level 5 in Maces & Flails
  6399 | D:7      | Reached skill level 5 in Polearms
  6399 | D:7      | Reached skill level 5 in Staves
  6399 | D:7      | Reached skill level 5 in Ranged Weapons
  6399 | D:7      | Reached skill level 5 in Throwing
  6399 | D:7      | Reached skill level 5 in Armour
  6399 | D:7      | Reached skill level 5 in Stealth
  6399 | D:7      | Reached skill level 5 in Shields
  6399 | D:7      | Reached skill level 5 in Unarmed Combat
  6399 | D:7      | Reached skill level 5 in Evocations
  6399 | D:7      | Reached XP level 10. HP: 31/79 MP: 17/20
  6848 | D:8      | Noticed Pikel
  6867 | D:8      | Killed Pikel
  7048 | D:8      | Noticed Grum
  7063 | D:8      | Killed Grum
  7663 | D:9      | Learned a level 5 spell: Summon Mana Viper
  7664 | D:9      | Found a flagged portal.
  7673 | Bailey   | Entered a bailey
  7992 | Bailey   | Reached skill level 9 in Long Blades
  7999 | Bailey   | Reached skill level 5 in Hexes
  7999 | Bailey   | Reached skill level 5 in Summonings
  7999 | Bailey   | Reached skill level 5 in Necromancy
  7999 | Bailey   | Reached skill level 5 in Translocations
  7999 | Bailey   | Reached skill level 5 in Transmutations
  7999 | Bailey   | Reached skill level 5 in Fire Magic
  7999 | Bailey   | Reached skill level 5 in Ice Magic
  7999 | Bailey   | Reached skill level 5 in Air Magic
  7999 | Bailey   | Reached skill level 5 in Earth Magic
  7999 | Bailey   | Reached skill level 5 in Poison Magic
  8004 | Bailey   | Reached XP level 11. HP: 27/85 MP: 22/22
  8517 | D:9      | Found a staircase to the Orcish Mines.
  9578 | D:10     | Entered Level 10 of the Dungeon
 10102 | D:10     | Found a staircase to the Lair.
 10421 | D:10     | Noticed a two-headed ogre
 10432 | D:10     | Killed a two-headed ogre
 10603 | D:10     | Noticed a two-headed ogre
 10604 | D:10     | Noticed a death knight
 10896 | D:10     | Reached * piety under Ashenzari
 10940 | D:10     | Killed a death knight
 10995 | D:10     | Killed a two-headed ogre
 11254 | D:10     | Reached XP level 12. HP: 56/96 MP: 25/25
 11813 | D:10     | Learned a level 5 spell: Freezing Cloud
 12588 | D:11     | Noticed Nergalle
 12603 | D:11     | Killed Nergalle
 12634 | D:11     | Reached skill level 10 in Long Blades
 12927 | D:11     | Found Fevabeva's Antique Armour Boutique.
 12927 | D:11     | Noticed Sonja
 12927 | D:11     | Noticed Erolcha
 12927 | D:11     | Noticed a two-headed ogre
 12938 | D:11     | Killed a two-headed ogre
 12946 | D:11     | HP: 2/85 [manticore (4)]
 12949 | D:11     | Killed Erolcha
 12951 | D:11     | Killed Sonja
 13439 | D:11     | Found Mashranlei's Magic Scroll Shoppe.
 13450 | D:11     | Bought a scroll of teleportation for 42 gold pieces
 13465 | D:11     | Found Nuxuoliarr's Antique Armour Boutique.
 13470 | D:11     | Bought an embroidered scarf for 232 gold pieces
 13949 | D:11     | HP: 3/97 [ice statue/bolt of cold (17)]
 13950 | D:11     | Engulfed by an ice statue's freezing vapour

Illustrated notes

Levels and vault maps discovered:
D:1:      eino_arrival_cavern_d, layout_loops_ring
D:2:      layout_basic, basic_ecumenical_altar, serial_shops, shop, uniq_sigmund
D:3:      layout_rooms, uniq_grinder
D:4:      layout_gridville, minmay_fractal_squares_gapless_5, uniq_blork_the_orc
D:5:      layout_rooms, chequers_temple_overflow_statue_of_worship,
          minmay_temple_entry_overgrown, serial_shops,
          nicolae_shop_hallway_stairs, minivault_4, hangedman_decor_points,
          corexii_hall_statues_t, minmay_misc_feat_hallway,
          kennysheep_generic_room_16, uniq_duvessa
D:6:      layout_rooms, grunt_temple_overflow_champion_of_chaos, fedhas_altar_3
D:7:      layout_basic, uniq_maggie, uniq_menkaure
D:8:      layout_rooms, uniq_grum, uniq_pikel
D:9:      layout_basic, hiddenorc2_lemuel, enter_bailey_2
D:10:     layout_basic, lair_entry_dummy, grunt_ogre_cave, minmay_microvault
D:11:     cheibrodos_frozen_isle, layout_loops_ring, serial_shops,
          nicolae_shop_competitors_out_of_business, nicolae_square_shop,
          nicolae_stop_n_shop_1, evilmike_butchery, uniq_sonja, uniq_erolcha,
          uniq_nergalle
Temple:   sentei_temple_godly_chess

Skill      XL: |  1  2  3  4  5  6  7  8  9 10 11 12 |
---------------+-------------------------------------+-----
Spellcasting   | 5 6 7 8 9 |  9.3
Invocations    | 1 2 3 4 5 6 7 8 |  8.5
Short Blades   | 1 2 3 5 6 7 |  7.8
Axes           | 1 2 3 5 6 7 |  7.8
Maces & Flails | 1 2 3 5 6 7 |  7.8
Polearms       | 1 2 3 5 6 7 |  7.8
Staves         | 1 2 3 5 6 7 |  7.8
Ranged Weapons | 1 2 3 5 6 7 |  7.8
Throwing       | 1 2 3 5 6 7 |  7.8
Armour         | 1 2 3 5 6 7 |  7.8
Stealth        | 1 2 3 5 6 7 |  7.8
Shields        | 1 2 3 5 6 7 |  7.8
Unarmed Combat | 1 2 3 5 6 7 |  7.8
Evocations     | 1 2 3 5 6 7 |  7.8
Hexes          | 1 2 3 4 5 6 |  6.5
Summonings     | 1 2 3 4 5 6 |  6.5
Necromancy     | 1 2 3 4 5 6 |  6.5
Translocations | 1 2 3 4 5 6 |  6.5
Transmutations | 1 2 3 4 5 6 |  6.5
Fire Magic     | 1 2 3 4 5 6 |  6.5
Ice Magic      | 1 2 3 4 5 6 |  6.5
Air Magic      | 1 2 3 4 5 6 |  6.5
Earth Magic    | 1 2 3 4 5 6 |  6.5
Poison Magic   | 1 2 3 4 5 6 |  6.5
Fighting       | 5 6 7 8 9 |  9.1
Dodging        | 5 6 7 8 9 |  9.1
Long Blades    | 7 8 9 10 | 10.2
Conjurations   | 6 7 8 |  8.6

Action                   |  1- 3 |  4- 6 |  7- 9 | 10-12 || total
-------------------------+-------+-------+-------+-------++-------
Melee: Falchion          |    21 |       |       |       ||    21
       Punch             |     1 |     1 |     5 |       ||     7
       Demon trident     |    41 |    59 |   276 |   637 ||  1013
       Bite              |     2 |     1 |    27 |    78 ||   108
Throw: Boomerang         |       |       |       |     1 ||     1
       Dart              |       |       |       |    46 ||    46
 Cast: Kiss of Death     |     2 |       |       |       ||     2
       Momentum Strike   |       |     2 |       |       ||     2
       Kindle Blastspark |       |       |     2 |     1 ||     3
       Confusing Touch   |       |       |     1 |     1 ||     2
       Hailstorm         |       |       |       |     5 ||     5
       Summon Mana Viper |       |       |       |     8 ||     8
Invok: Curse Item        |       |       |     1 |     1 ||     2
Evoke: Wand              |       |       |     4 |    10 ||    14
  Use: Scroll            |       |     4 |    17 |     4 ||    25
       Potion            |       |     2 |     4 |    10 ||    16
 Stab: Sleeping          |     2 |     2 |     5 |     2 ||    11
Armor: Leather armour    |     7 |    13 |    96 |    40 ||   156
       Steam dragon scal |       |       |     7 |   172 ||   179
Dodge: Dodged            |    31 |    27 |   214 |   382 ||   654

Table legend: (Time is in decaauts)
 A = Elapsed time spent in this place.
 B = Non-inter-level travel time spent in this place.
 C = Inter-level travel time spent in this place.
 D = Time resting spent in this place.
 E = Time spent auto-exploring this place.
 F = Levels seen in this place.
 G = Mean time per level.
                   A        B        C        D        E       F      G
               +--------+--------+--------+--------+--------+-----+--------+
         Total |  13977 |  13661 |    316 |   4710 |   6340 |  13 | 1075.2 |
       Dungeon |  13128 |  12813 |    315 |   4218 |   6225 |  11 | 1193.5 |
        Temple |     41 |     41 |      0 |      0 |      0 |   1 |   41.0 |
        Bailey |    807 |    807 |      0 |    492 |    114 |   1 |  807.0 |
               +--------+--------+--------+--------+--------+-----+--------+

Top non-repeatable levels by time:
    D:10: 1986 daAuts
    D:11: 1926 daAuts
     D:9: 1583 daAuts
     D:4: 1447 daAuts
     D:7: 1315 daAuts
     D:5: 1068 daAuts
     D:2: 918 daAuts
     D:6: 837 daAuts
     D:8: 830 daAuts
     D:1: 808 daAuts
  Bailey: 807 daAuts
     D:3: 405 daAuts
  Temple: 41 daAuts
